 Dungeon Crawl Stone Soup version 0.26.1-11-gd32895ea62 (webtiles) character file.

Game seed: 3667407534745566961

393 Charcat the Shield-Bearer (level 6, -4/48 HPs)
             Began as a Demonspawn Fighter on July 31, 2021.
             Killed by divine providence
             ... invoked by an orc priest
              (15 damage)
             ... on level 4 of the Dungeon.
             The game lasted 00:16:50 (4462 turns).

Charcat the Shield-Bearer (Demonspawn Fighter)      Turns: 4462, Time: 00:16:51

Health: -4/48      AC: 18    Str: 18    XL:     6   Next: 51%
Magic:  6/6        EV:  5    Int:  9    God:
Gold:   217        SH:  9    Dex: 13    Spells: 5/5 levels left

rFire    . . .     SeeInvis .   a - +0 war axe
rCold    . . .     Faith    .   c - +0 kite shield
rNeg     . . .     Spirit   .   n - +1 chain mail
rPois    .         Reflect  .   (no helmet)
rElec    .         Harm     .   (no cloak)
rCorr    .         Rampage  .   (no gloves)
Will     .....                  s - +1 pair of boots
Stlth    ..........             (no amulet)
HPRegen  0.16/turn              (no ring)
MPRegen  0.10/turn              (no ring)

@: sanguine armour
A: claws 1, sanguine armour 1
a: no special abilities


You were on level 4 of the Dungeon.
You visited 1 branch of the dungeon, and saw 4 of its levels.

You collected 217 gold pieces.

Inventory:

Hand Weapons
 a - a +0 war axe (weapon)
 u - a +4 vorpal scythe
Armour
 c - a +0 kite shield (worn)
 n - a +1 chain mail (worn)
 s - a +1 pair of boots (worn)
Jewellery
 l - an uncursed ring of ice
Scrolls
 f - 3 scrolls of teleportation
 g - 2 scrolls of fear {unknown}
 k - a scroll of blinking {unknown}
 o - 3 scrolls of remove curse
 p - a scroll of random uselessness {unknown}
 q - a scroll of enchant weapon {unknown}
 r - 2 scrolls of fog {unknown}
 x - a scroll of magic mapping
 y - a scroll of noise {unknown}
 A - 2 scrolls of amnesia {unknown}
Potions
 b - a potion of degeneration {unknown}
 d - 2 potions of might
 e - a potion of haste
 h - a potion of flight {unknown}
 i - a potion of curing {unknown}
 j - 3 potions of cancellation {unknown}
 m - 2 potions of mutation {unknown}
 t - a potion of brilliance {unknown}
 w - a potion of attraction {unknown}
 z - a potion of berserk rage {unknown}
 B - a potion of lignification {unknown}


   Skills:
 + Level 3.8 Fighting
 + Level 3.9 Axes
 + Level 3.8 Armour
 + Level 0.9 Dodging
 + Level 0.4 Stealth
 + Level 4.2 Shields


You had 5 spell levels left.
You didn't know any spells.
Your spell library was empty.

Dungeon Overview and Level Annotations

Branches:
Dungeon (4/15)
 Temple: D:4-7

Altars:
Fedhas


Innate Abilities, Weirdness & Mutations

You have sharp fingernails.
When seriously injured, your bleeding wounds create armour. (AC +6)


Message History

You block the quokka's attack.
You hit the quokka.
The quokka is moderately wounded.
The quokka bites you but does no damage. x2
You slash the quokka!
You kill the quokka!
You block the jackal's attack.
You slash the jackal!
You kill the jackal!
The orc priest invokes the aid of Beogh against you.
Beogh smites you!
Your blood congeals into armour.
The jackal bites you but does no damage.
The orc priest invokes the aid of Beogh against you.
Beogh smites you!
The orc priest invokes the aid of Beogh against you.
Beogh smites you!
* * * LOW HITPOINT WARNING * * *
The orc priest invokes the aid of Beogh against you.
Beogh smites you!
You die...

###....###........).###....#
#>#....##.................#..
.....##.....o................
.....##...#..o...............
##..###...#....##............
###....#.....###)#...##.#.##
#.###..#o..# #)##.## ..## ###
#.###oo###.##.# .# #### ####
##.hh@....# .#
#..####.####..###.....#
........##...## #.####...
.............# #.# ..
#...########## ### ##.## ...#
.... .....


You could see 3 orc priests and 2 jackals.

Vanquished Creatures
  Sigmund (D:3)
  2 orc wizards (D:4)
  A worker ant (D:4)
  Robin (D:3)
  5 adders
  An adder skeleton (D:4)
  A worm (D:2)
  3 dart slugs
  4 orcs
  2 giant cockroaches
  13 goblins
  8 hobgoblins
  15 jackals
  4 quokkas
  A ball python (D:1)
  5 bats
  5 frilled lizards
  8 kobolds
  A leopard gecko skeleton (D:4)
  6 rats
87 creatures vanquished.

Notes
Turn   | Place    | Note
-------+----------+-------------------------------------------
     0 | D:1      | Charcat the Demonspawn Fighter began the quest for the Orb.
     0 | D:1      | Reached XP level 1. HP: 18/18 MP: 1/1
   268 | D:1      | Gained mutation: You have sharp fingernails. [demonic
                  | ancestry]
   268 | D:1      | Reached XP level 2. HP: 24/24 MP: 2/2
   401 | D:1      | Reached skill level 3 in Shields
  1434 | D:2      | Reached XP level 3. HP: 21/29 MP: 3/3
  2533 | D:2      | Reached XP level 4. HP: 35/35 MP: 4/4
  2972 | D:3      | Noticed Sigmund
  3499 | D:3      | Killed Sigmund
  3500 | D:3      | Gained mutation: When seriously injured, your bleeding
                  | wounds create armour. (AC +6) [demonic ancestry]
  3500 | D:3      | Reached XP level 5. HP: 23/42 MP: 5/5
  3782 | D:3      | Found a blossoming altar of Fedhas.
  3842 | D:3      | Noticed Robin
  3855 | D:3      | Reached XP level 6. HP: 48/48 MP: 6/6
  3861 | D:3      | Killed Robin
  4132 | D:4      | Reached skill level 4 in Shields
  4462 | D:4      | Killed from afar by an orc priest

Illustrated notes

Levels and vault maps discovered:
D:1:      psy_arrival_conway, layout_loops_ring
D:2:      layout_basic
D:3:      layout_rooms, lemuel_coloured_pillars_altar, minmay_misc_feat_alley,
          uniq_robin, uniq_sigmund
D:4:      layout_layer_cave

Skill      XL: |  1  2  3  4  5  6 |
---------------+-------------------+-----
Shields        | 3 4 |  4.2
Axes           | 2 3 |  3.9
Armour         | 3 |  3.8
Fighting       | |  3.8
Dodging        | |  0.9
Stealth        | |  0.4

Action                   |  1- 3 |  4- 6 || total
-------------------------+-------+-------++-------
Melee: War axe           |   146 |   159 ||   305
  Use: Scroll            |     3 |     6 ||     9
       Potion            |     1 |     3 ||     4
Armor: Scale mail        |    53 |       ||    53
       Chain mail        |    43 |   121 ||   164
Dodge: Dodged            |    40 |    38 ||    78
Block: Kite shield       |    64 |   109 ||   173
